 Dungeon Crawl Stone Soup version 0.20-a0-263-g81abdfb (webtiles) character file.

19 FrankyJ the Caller (level 2, -1/11 HPs)
             Began as a Felid Summoner on Dec 4, 2016.
             Slain by a hobgoblin
             ... wielding a +0 club
              (5 damage)
             ... on level 1 of the Dungeon.
             The game lasted 00:05:11 (1398 turns).

FrankyJ the Caller (Felid Summoner)                 Turns: 1398, Time: 00:05:11

Health: -1/11      AC:  1    Str:  4    XL:     2   Next: 55%
Magic:  2/6        EV: 18    Int: 16    God:
Gold:   75         SH:  0    Dex: 16    Spells: 2/5 levels left
                                        Lives:  0   Deaths: 0

rFire  . . .     SeeInvis +     (weapon unavailable)
rCold  . . .     Gourm    .     (armour unavailable)
rNeg   . . .     Faith    .     (shield unavailable)
rPois  .         Spirit   .     (helmet unavailable)
rElec  .         Reflect  .     (cloak unavailable)
rCorr  .         Harm     .     (gloves unavailable)
MR     .....                    (boots unavailable)
Stlth  +++.......               (no amulet)
                                (no ring)
                                (no ring)

@: quick
A: no armour, no weapons or thrown items, stealth, claws 1, fangs 3, see
invisible, carnivore 3, speed 1, shaggy fur 1, slow metabolism 1, sharp paws
a: no special abilities


You were on level 1 of the Dungeon.
You were very full.

You visited 1 branch of the dungeon, and saw 1 of its levels.

You collected 75 gold pieces.

Inventory:

Jewellery
 f - an uncursed amulet of harm {unknown}
Scrolls
 d - a scroll of amnesia {unknown}
 g - a scroll of teleportation {unknown}
Potions
 c - a potion of haste {unknown}
 e - a potion of curing {unknown}
Books
 a - a book of Callings

   Spells                             Type                      Level
   a - Summon Small Mammal            Summoning                    1
   b - Call Imp                       Summoning                    2
   c - Call Canine Familiar           Summoning                    3
   d - Summon Guardian Golem          Hexes/Summoning              3
   e - Summon Lightning Spire         Summoning/Air                4
   f - Summon Ice Beast               Ice/Summoning                4
Comestibles
 b - 3 meat rations


   Skills:
 + Level 0.0 Fighting
 - Level 3.0 Dodging
 - Level 3.1 Stealth
 + Level 0.0 Unarmed Combat
 + Level 2.1 Spellcasting
 - Level 4.3 Summonings


You had 2 spell levels left.
You knew the following spells:

 Your Spells              Type           Power        Failure   Level  Hunger
a - Summon Small Mammal   Summ           ###.         4%          1    #......
b - Call Imp              Summ           ###.....     8%          2    ###....


Dungeon Overview and Level Annotations

Branches:
Dungeon (1/15)

Altars:


Innate Abilities, Weirdness & Mutations

You cannot wear armour.
You are incapable of wielding weapons or throwing items.
Your paws allow you to move quietly. (Stealth)
You have sharp claws.
You have razor-sharp teeth.
You have supernaturally acute eyesight. (SInv)
You are carnivorous and can eat meat at any time.
You cover ground quickly.
You are covered in fur. (AC +1)
You have a slow metabolism.
Your sharp claws are effective at attacking unaware monsters.


Message History

Confirm with . or Enter, or press ? or * to list all spells.
A beastly little devil appears in a puff of flame.
The hobgoblin hits you with a club!
Ouch! That really hurt!
Your crimson imp hits the hobgoblin.
You scratch the hobgoblin.
The hobgoblin is almost dead.
Your crimson imp blinks!
The hobgoblin barely misses you.
You scratch the hobgoblin but do no damage.
The hobgoblin is almost dead.
Your crimson imp blinks!
The hobgoblin hits you but does no damage.
You barely miss the hobgoblin.
The hobgoblin is almost dead.
The hobgoblin misses you.
You barely miss the hobgoblin.
The hobgoblin is almost dead.
The hobgoblin hits you with a club.
You die...

#.# #.# #...#
#.####.######'#############
........##.................
###.....##.................#
#.................5......#
#.##......#.#####.........
#.##....).#.#...5.........
#.#.........#..g..........
#.##.##...###.@ยง..........
#.##>.....................
#...........).#(..........
###.......###.####.#.###.....
#.......###......#...........
#............................
#.........................#..
###..............#........#..
######.........#........#..


You could see a hobgoblin and 2 friendly crimson imps.

Vanquished Creatures
  2 giant cockroaches (D:1)
  A hobgoblin (D:1)
  2 kobolds (D:1)
  2 bats (D:1)
  A goblin (D:1)
  2 rats (D:1)
10 creatures vanquished.

Vanquished Creatures (collateral kills)
  A dart slug (D:1)
  2 giant cockroaches (D:1)
  2 hobgoblins (D:1)
  2 bats (D:1)
  A frilled lizard (D:1)
  3 kobolds (D:1)
  A rat (D:1)
12 creatures vanquished.

Grand Total: 22 creatures vanquished

Notes
Turn   | Place    | Note
-------+----------+-------------------------------------------
     0 | D:1      | FrankyJ the Felid Summoner began the quest for the Orb.
     0 | D:1      | Reached XP level 1. HP: 7/7 MP: 4/4
   529 | D:1      | Reached XP level 2. HP: 2/11 MP: 3/6
   551 | D:1      | Learned a level 2 spell: Call Imp
  1398 | D:1      | Slain by a hobgoblin

Vault maps used:
D:1:      dpeg_arrival_prison

Skill      XL: |  1  2 |
---------------+-------+-----
Stealth        | 3 |  3.1
Dodging        | 3 |  3.0
Spellcasting   | |  2.1
Summonings     | |  4.3

Action                   || total
-------------------------++-------
Melee: Unarmed           ||    47
       Bite              ||     2
 Cast: Summon Small Mamm ||    15
       Call Imp          ||    11
 Stab: Sleeping          ||     1
  Eat: Chunk             ||     9
Armor: Skin              ||    12
Dodge: Dodged            ||    61
